Unix NetHack Version 3.7.0-88 Work-in-progress - last build Jul 17 2023 12:26:22 (ff3987481174382ea04ebda72e34ac83a40b9a22,branch:master). Game began 2023-07-27 17:02:46, ended 2023-07-27 18:05:06. spontiff, neutral male gnomish Healer ---- |..----------- ---- |.......--...-- ---..-- |-.----.......------ --->....| |..| ------.......| --.......| |.-- -------.| |..0....-- |.|-------- |.| --- --<......| |.--......-- |.---- -- ----..-- -- --........----..........| |....| .---......--.| .-- | |...........|%........%.| ----.| |....^..............- |...................----- |.| ..^.........h... ---................-- |.---- ----.--..... --...............--- ---- |....|----...fr@.| |.................-- ---..| |....||....------- --..)......-.......--- |....---...---.---- |...----............| |......).......---- ----- |....--.--..-- --..)...............- |..---------- |......------------- ---- |......| -------- Spontiff the Rhizotomist St:10 Dx:10 Co:11 In:10 Wi:16 Ch:18 Neutral S:159 Dlvl:3 $:1167 HP:0(13) Pw:4(5) AC:8 Xp:1/0 T:505 Latest messages: The kitten misses the gnome lord. The kitten misses the gnome lord. The kitten misses the gnome lord. The kitten bites the gnome lord. The gnome lord hits the kitten. The kitten bites the gnome lord. The gnome lord is killed! d - an arrow. f - a bow. What do you want to adjust? [a-kmnsyCS or ?*] d Adjust letter to what [dlo-rt-xzABD-RT-Z] (? see used letters)? W Moving: W - an arrow. What do you want to drop? [$a-ce-kmnsyCSW or ?*] f You drop a bow. What do you want to use or apply? [hijsS or ?*] s In what direction? l Status of the kitten (neutral, small): Level 3 HP 15(23) AC 6, tame. In what direction? l The kitten looks better. The kitten picks up a bow. The kitten drops a bow. You begin bashing monsters with your gloved hands. You miss the giant rat. The giant rat bites! The kitten drops a bow. The hobbit climbs out of the pit. The hobbit suddenly disappears! The giant rat falls into a pit! The kitten picks up a bow. The kitten bites it. It bites the kitten. The kitten bites it. Your kitten grows up into a housecat. The housecat drops a bow. The giant rat bites! You see here a bow. f - a bow. The housecat misses it. The housecat bites the giant rat. The giant rat misses the housecat. What do you want to use or apply? [hijsS or ?*] s In what direction? h Status of the giant rat (neutral, tiny): Level 1 HP 2(8) AC 7. The housecat misses the giant rat. The giant rat bites! The housecat misses the giant rat. The giant rat bites! You die... Do you want your possessions identified? [ynq] (y) y Do you want to see the dungeon overview? [ynq] (y) q Inventory: Coins $ - 1167 gold pieces Weapons W - an uncursed +0 arrow f - an uncursed +0 bow k - an uncursed +0 scalpel (alternate weapon; not wielded) Armor g - an uncursed +1 pair of leather gloves (being worn) Comestibles m - an uncursed berried treasure y - 6 uncursed apples Spellbooks i - a blessed spellbook of extra healing h - a blessed spellbook of healing j - a blessed spellbook of stone to flesh Potions e - 2 blessed potions of extra healing C - 2 uncursed potions of extra healing c - 4 uncursed potions of healing Wands S - an uncursed wand of sleep (0:7) Tools s - an uncursed stethoscope Gems/Stones b - an uncursed emerald a - an uncursed jet stone n - 2 uncursed worthless pieces of yellow glass Spontiff the Healer's attributes: Background: You were a Rhizotomist, a level 1 male gnomish Healer. You were neutral, on a mission for Hermes who was opposed by Athena (lawful) and Poseidon (chaotic). You were in the Gnomish Mines, on level 3. You entered the dungeon 505 turns ago. You had 0 experience points, 20 were needed to attain level 2. Your score was 159 before end-of-game adjustments. Basics: You had 0 out of 13 hit points. You had 4 out of 5 energy points (spell power). Your armor class was 8. Your wallet contained 1167 zorkmids. Autopickup was on for '$!/="?' plus thrown, with exceptions. Final Characteristics: Your strength was 10 (limit:18/50). Your dexterity was 10 (limit:18). Your constitution was 11 (limit:18). Your intelligence was 10 (limit:19). Your wisdom was 16 (limit:18). Your charisma was 18 (limit:18). Final Status: You were not hungry. You were unencumbered. You were empty handed. You were unskilled in bare handed combat. Final Attributes: You were fervently aligned. You were poison resistant. You had infravision. You are dead. Miscellaneous: You never encountered a bones level. Total elapsed playing time was 55 minutes and 43 seconds. Major events: Turn 1: spontiff the neutral male gnomish Healer entered the dungeon 251: entered the Gnomish Mines 505: killed by a giant rat Vanquished creatures: a gnome leader a hobbit 2 giant rats 2 gnomes 2 geckos 3 kobolds 2 sewer rats a lichen 3 newts 17 creatures vanquished. No species were genocided or became extinct. Voluntary challenges: You never hit with a wielded weapon. You were a pacifist. You were illiterate. You never engraved Elbereth. You never genocided any monsters. You never polymorphed an object. You never changed form. You used no wishes. Achievement: You entered the Gnomish Mines. The Dungeons of Doom: levels 1 to 2 Level 1: A fountain. Level 2: "Vault" A fountain. Stairs down to The Gnomish Mines. The Gnomish Mines: levels 3 to 4 Level 3: <- You were here. Final resting place for you, killed by a giant rat. Level 4: Game over: ---------- / \ / REST \ / IN \ / PEACE \ / \ | spontiff | | 1167 Au | | killed by a | | giant rat | | | | | | 2023 | *| * * * | * _________)/\\_//(\/(/\)/\//\/|_)_______ Goodbye spontiff the Healer... You died in The Gnomish Mines on dungeon level 3 with 159 points, and 1167 pieces of gold, after 505 moves. You were level 1 with a maximum of 13 hit points when you died.